 Dungeon Crawl Stone Soup version 0.13.1-17-g0f9d4ff (webtiles) character file.

84 Lilouch the Skirmisher (level 2, -1/24 HPs)
             Began as a Mummy Fighter on Dec 13, 2013.
             Killed from afar by Terence (6 damage)
             ... with a wand of magic darts
             ... on Level 2 of the Dungeon.
             The game lasted 00:01:21 (703 turns).

Lilouch the Skirmisher (Mummy Fighter)               Turns: 703, Time: 00:01:21

HP  -1/24        AC  7     Str 19      XL: 2   Next: 17%
MP   1/1         EV  6     Int  7      God:
Gold 73          SH 17     Dex 11      Spells:  0 memorised,  1 level left

Res.Fire  : x . .   See Invis. : .   a - +0 trident
Res.Cold  : + . .   Warding    : .   b - +0 scale mail
Life Prot.: + + +   Conserve   : .   c - +0 shield
Res.Poison: +       Res.Corr.  : .   (no helmet)
Res.Elec. : .       Clarity    : .   (no cloak)
Sust.Abil.: . .     Spirit.Shd : .   (no gloves)
Res.Mut.  : .       Stasis     : .   m - +0 pair of dwarf boots
Res.Rott. : +       Flight     : .   (no amulet)
Saprovore : . . .                    (no ring)
                                     (no ring)

@: slightly resistant to hostile enchantments, extremely unstealthy
A: no food or potions, fire vulnerability, restore body, cold resistance 1, life
protection 3, poison resistance, torment resistance, unbreathing
a: no special abilities


You were on level 2 of the Dungeon.
You were not hungry.

You visited 1 branch of the dungeon, and saw 2 of its levels.

You collected 53 gold pieces.

Inventory:

Hand weapons
 a - a +0,+0 trident (weapon)
Missiles
 d - 5 poisoned needles
Armour
 b - a +0 scale mail (worn)
 c - a +0 shield (worn)
 m - a +0 pair of dwarven boots (worn)
Scrolls
 e - 2 scrolls of identify {unknown}
 f - 2 scrolls of teleportation {unknown}
 g - a scroll of curse weapon {unknown}
 h - 2 scrolls of remove curse {unknown}
 i - a scroll of magic mapping {unknown}
 k - a scroll of fear {unknown}
Jewellery
 j - an uncursed ring of wizardry {unknown}
 l - a +5,+3 ring of slaying {unknown}


   Skills:
 - Level 3.0 Fighting
 + Level 2.0 Polearms
 + Level 2.5 Armour
 + Level 2.5 Shields


You had one spell level left.
You didn't know any spells.

Dungeon Overview and Level Annotations

Branches:
Dungeon (2/27)

Altars:
Fedhas

Annotations:
D:2 Terence


Innate Abilities, Weirdness & Mutations

You do not eat or drink.
Your flesh is vulnerable to fire.
Your flesh is cold resistant.
You are immune to negative energy.
Your system is resistant to poisons.
You are immune to unholy pain and torment.
You can survive without breathing.


Message History

Press: ? - help, Dir - move target cursor, f - Terence
Aim: Terence, wielding an orcish hand axe, wearing a scale mail and carrying a wand of magic darts {zapped: 1} You reach to attack!
You puncture Terence!
Terence is heavily wounded.
Terence zaps a wand.
The magic dart hits you!
Attack whom?
Press: ? - help, Dir - move target cursor, f/p - Terence
Aim: Terence, wielding an orcish hand axe, wearing a scale mail and carrying a wand of magic darts {zapped: 2} (heavily wounded)
You reach to attack!
You hit Terence but do no damage.
Terence is heavily wounded.
Terence zaps a wand.
The magic dart hits you!
Attack whom?
Press: ? - help, Dir - move target cursor, f/p - Terence
Aim: Terence, wielding an orcish hand axe, wearing a scale mail and carrying a wand of magic darts {zapped: 3} (heavily wounded)
You reach to attack!
You barely miss Terence.
Terence is heavily wounded.
Terence zaps a wand.
The magic dart hits you!
* * * LOW HITPOINT WARNING * * *
Terence zaps a wand.
The magic dart hits you!
You die...

. . ##### .## #. ##...##
.. #. #######.....# .. #.
...%...<....# .# ..
#######.....# .# . # #.
##...######.# ... #.#.
##.........#.......#...###
########@.w..._..........
..........#...?...#..###.
########@# .... #. #. .#
.. # #. .# #. .. #. .# #.
.. #. # #.


You could see a worm and Terence.

Vanquished Creatures
  3 bats (D:1)
  2 goblins (D:1)
  3 kobolds (D:1)
  A ball python (D:2)
  2 rats (D:1)
11 creatures vanquished.

Notes
Turn   | Place    | Note
--------------------------------------------------------------
     0 | D:1      | Lilouch, the Mummy Fighter, began the quest for the Orb.
     0 | D:1      | Reached XP level 1. HP: 18/18 MP: 0/0
   176 | D:2      | Found a blossoming altar of Fedhas.
   435 | D:1      | Reached XP level 2. HP: 22/24 MP: 1/1
   699 | D:2      | Noticed Terence
   703 | D:2      | Killed from afar by Terence

Action                   || total
-------------------------++-------
Melee: Trident           ||    26
